 Dungeon Crawl Stone Soup version 0.21-a0-170-g0398fc9 (webtiles) character file.

735 Lunath the Cleaver (level 7, -2/64 HPs)
             Began as a Hill Orc Berserker on Aug 6, 2017.
             Was a Priest of Trog.
             Splashed by a jelly's acid (9 damage)
             ... on level 4 of the Dungeon.
             The game lasted 00:12:41 (3476 turns).

Lunath the Cleaver (Hill Orc Berserker)             Turns: 3476, Time: 00:12:41

Health: -2/64      AC: -5    Str: 20    XL:     7   Next: 74%
Magic:  7/7        EV:  6    Int:  7    God:    Trog [***...]
Gold:   188        SH:  5    Dex: 12    Spells: 6/6 levels left

rFire    . . .     SeeInvis .   a - +0 hand axe
rCold    . . .     Gourm    .   (no shield)
rNeg     . . .     Faith    .   f - +0 plate armour
rPois    .         Spirit   .   (no helmet)
rElec    .         Reflect  +   (no cloak)
rCorr    .         Harm     .   (no gloves)
MR       .....                  (no boots)
Stlth    ..........             q - +5 amulet of reflection
HPRegen  0.20/turn              i - ring of stealth
MPRegen  0.10/turn              l - ring of stealth

@: corroded
A: no striking features
a: Berserk, Trog's Hand, Burn Spellbooks, Renounce Religion


You were on level 4 of the Dungeon.
You worshipped Trog.
Trog was most pleased with you.
You were not hungry.

You visited 1 branch of the dungeon, and saw 4 of its levels.

You collected 188 gold pieces.

Inventory:

Hand Weapons
 a - a +0 hand axe (weapon)
Armour
 f - a +0 plate armour (worn)
Jewellery
 i - a ring of stealth (left hand)
 l - a ring of stealth (right hand)
 q - a +5 amulet of reflection (around neck)
Scrolls
 o - 5 scrolls of remove curse
 p - 3 scrolls of recharging {unknown}
 u - 2 scrolls of immolation {unknown}
 w - 2 scrolls of identify {unknown}
 y - a scroll of teleportation {unknown}
 D - 2 scrolls of fear {unknown}
 E - a scroll of enchant armour {unknown}
Potions
 e - 5 potions of curing {unknown}
 g - a potion of cancellation {unknown}
 j - 2 potions of resistance {unknown}
 k - 3 potions of lignification {unknown}
 s - a potion of berserk rage {unknown}
 v - a potion of heal wounds {unknown}
 z - 2 potions of brilliance {unknown}
 A - a potion of haste {unknown}
 C - 2 potions of magic {unknown}
Books
 r - a book of Cantrips

   Spells                             Type                      Level
   a - Confusing Touch                Hexes                        1
   b - Animate Skeleton               Necromancy                   1
   c - Summon Small Mammal            Summoning                    1
   d - Apportation                    Translocation                1
   Trog disapproves of the use of such an item.
Comestibles
 c - 4 bread rations
 t - 2 meat rations
 x - a royal jelly
 B - 5 fruits


   Skills:
 + Level 6.5 Fighting
 * Level 9.9 Axes
 - Level 2.1 Armour
 - Level 1.5 Dodging


You had 6 spell levels left.
You didn't know any spells.

Dungeon Overview and Level Annotations

Branches:
Dungeon (4/15)
 Temple: D:4-7

Altars:
Hepliaklqana
Qazlal
Sif Muna
Xom
The Shining One


Message History

Your plate armour prevents you from hitting the ooze.
The ooze is lightly wounded.
You block the ooze's attack.
You hit the ooze.
The ooze is heavily wounded.
The ooze hits you.
* * * LOW HITPOINT WARNING * * *
You hit the ooze.
You kill the ooze!
Trog accepts your kill.
You hit the jelly but do no damage.
Your hands burn!
* * * LOW HITPOINT WARNING * * *
The jelly is moderately wounded.
You hit the jelly. The acid corrodes you!
Your hands burn!
* * * LOW HITPOINT WARNING * * *
The jelly is heavily wounded.
The jelly hits you.
* * * LOW HITPOINT WARNING * * *
You are splashed with acid!
The acid burns!
You die...

#######.#...###########
## #.....##........$ .#
####.#..##.÷....... .#
#.......##...P.P.P. .#
#.##.#.###÷........ .#
#.##.#.# #.......÷÷ .#
#.##...# #.J÷....P.
.####.###..# #J#######
.##....##..# ##@.†...##
.##.....#..# ########.#
.##....^#..##
#.?..'..##
#######...>.###....####
#####..##.....(.#
##.##.....).#
#.##.......#
#.##......(#
#.###.))..##


You could see a jelly and an ooze.

Vanquished Creatures
  Duvessa (D:4)
  A phantom (D:4)
  Dowan (D:4)
  4 crimson imps (D:4)
  A jelly (D:4)
  Jessica (D:3)
  An iguana (D:4)
  An orc wizard (D:4)
  A worker ant (D:4)
  4 gnolls (D:4)
  5 adders
  8 oozes (D:4)
  5 worms
  4 dart slugs
  3 leopard geckos
  5 orcs (D:4)
  9 bats
  2 giant cockroaches
  6 goblins
  5 hobgoblins
  4 jackals
  13 kobolds
  3 quokkas
  A ball python (D:3)
  3 frilled lizards
  8 rats
100 creatures vanquished.

Vanquished Creatures (others)
  A kobold (D:4)
  2 fungi (D:4)
  10 toadstools (D:4)
13 creatures vanquished.

Grand Total: 113 creatures vanquished

Notes
Turn   | Place    | Note
-------+----------+-------------------------------------------
     0 | D:1      | Lunath the Hill Orc Berserker began the quest for the Orb.
     0 | D:1      | Reached XP level 1. HP: 19/19 MP: 1/1
    76 | D:1      | Reached XP level 2. HP: 26/27 MP: 2/2
   377 | D:1      | Reached skill level 5 in Axes
   514 | D:2      | Reached XP level 3. HP: 32/33 MP: 3/3
   749 | D:2      | Reached ** piety under Trog
   885 | D:2      | Reached skill level 6 in Axes
   885 | D:2      | Reached XP level 4. HP: 40/40 MP: 4/4
  1027 | D:2      | Found a stormy altar of Qazlal.
  1207 | D:2      | Found a glowing golden altar of the Shining One.
  1921 | D:3      | Noticed Jessica
  1929 | D:3      | Killed Jessica
  1929 | D:3      | Reached XP level 5. HP: 26/47 MP: 5/5
  1967 | D:3      | Found a hazy altar of Hepliaklqana.
  2284 | D:4      | Noticed Duvessa
  2284 | D:4      | Noticed Dowan
  2293 | D:4      | Killed Dowan
  2293 | D:4      | Reached skill level 7 in Axes
  2306 | D:4      | Killed Duvessa
  2306 | D:4      | Reached skill level 5 in Fighting
  2306 | D:4      | Reached XP level 6. HP: 17/56 MP: 6/6
  2520 | D:4      | Noticed a phantom
  2529 | D:4      | Reached skill level 8 in Axes
  2553 | D:4      | Killed a phantom
  2764 | D:4      | Found a shimmering altar of Xom.
  2785 | D:4      | Reached XP level 7. HP: 62/62 MP: 7/7
  2848 | D:4      | Reached skill level 9 in Axes
  3094 | D:4      | Found a deep blue altar of Sif Muna.
  3210 | D:4      | Reached *** piety under Trog
  3476 | D:4      | Splashed by a jelly's acid

Vault maps used:
D:1:      scummos_arrival_hexagon, st_stairs_13, supply_closet_lemuel
D:2:      grunt_qazlal_sundering, lemuel_crystal_altar
D:3:      overflow_temple_1_default, kennysheep_jessica_study
D:4:      cheibrodos_fertilizer, nicolae_overflow_crystal_walls, first_bread,
          led_xom_imps, uniq_duvessa, uniq_crazy_yiuf_cottage

Skill      XL: |  1  2  3  4  5  6  7 |
---------------+----------------------+-----
Axes           | 5 6 7 8 9 |  9.9
Fighting       | 4 5 6 |  6.5
Armour         | |  2.1
Dodging        | |  1.5

Action                   |  1- 3 |  4- 6 |  7- 9 || total
-------------------------+-------+-------+-------++-------
Melee: Hand axe          |   119 |   142 |   132 ||   393
Invok: Berserk           |     1 |     1 |     1 ||     3
       Trog's Hand       |       |     1 |     1 ||     2
  Use: Scroll            |       |       |     5 ||     5
  Eat: Chunk             |       |     8 |     4 ||    12
Armor: Scale mail        |    14 |       |       ||    14
       Animal skin       |     2 |       |       ||     2
       Plate armour      |    49 |    72 |    52 ||   173
Dodge: Dodged            |    36 |    37 |    23 ||    96
Block: Other             |       |       |    29 ||    29
       Reflection        |       |       |     3 ||     3
